 Dungeon Crawl Stone Soup version 0.23.2-1-ga50397a (webtiles) character file.

Game seed: 11089821532677104055

1659 esteth the Charmwright (level 9, 0/69 HPs)
             Began as a Gnoll Skald on Apr 24, 2019.
             Succumbed to a killer bee's poison
             ... on level 6 of the Dungeon.
             The game lasted 00:14:51 (7212 turns).

esteth the Charmwright (Gnoll Skald)                Turns: 7212, Time: 00:14:51

Health: 0/69       AC: 13    Str: 13 (15) XL:     9   Next: 0%
Magic:  11/18      EV: 10    Int: 21 (23) God:
Gold:   209        SH:  5    Dex: 11 (14) Spells: 12/20 levels left

rFire    . . .     SeeInvis +   p - +1 trident
rCold    . . .     Gourm    .   k - +1 buckler
rNeg     + . .     Faith    .   w - +0 pearl dragon scales
rPois    .         Spirit   .   (no helmet)
rElec    .         Reflect  .   (no cloak)
rCorr    .         Harm     .   x - +0 pair of gloves
MR       +....                  (no boots)
Stlth    +.........             (no amulet)
HPRegen  0.21/turn              s - ring of see invisible
MPRegen  0.16/turn              i - ring of protection from magic

@: brilliant, lethally poisoned (0 -> -15), very slightly contaminated,
invisible
A: distributed training, fangs 1, strong nose
a: no special abilities


You were on level 6 of the Dungeon.
You were hungry.

You visited 1 branch of the dungeon, and saw 7 of its levels.

You collected 209 gold pieces.

Inventory:

Hand Weapons
 a - a +0 spear
 p - a +1 trident (weapon)
Armour
 b - a +0 leather armour
 k - a +1 buckler (worn)
 w - +0 pearl dragon scales (worn)
 x - a +0 pair of gloves (worn)
 y - a +1 robe of fire resistance
Magical Staves
 m - an uncursed staff of air
Jewellery
 f - an uncursed ring of flight
 i - a ring of protection from magic (right hand)
 s - a ring of see invisible (left hand)
 u - an uncursed ring of fire
Wands
 e - a wand of digging (4)
 n - a wand of random effects (19)
 C - a wand of acid (9)
Scrolls
 c - 2 scrolls of teleportation
 g - a scroll of amnesia
 h - 3 scrolls of remove curse
 j - 4 scrolls of identify
 q - a scroll of enchant weapon
Potions
 r - a potion of might
Comestibles
 d - 7 rations


   Skills:
 + Level 5.9 Fighting
 + Level 3.7 Short Blades
 + Level 3.7 Long Blades
 + Level 3.7 Axes
 + Level 3.7 Maces & Flails
 + Level 5.9 Polearms
 + Level 3.7 Staves
 + Level 3.7 Slings
 + Level 3.7 Bows
 + Level 3.7 Crossbows
 + Level 3.7 Throwing
 + Level 4.5 Armour
 + Level 5.9 Dodging
 + Level 3.7 Stealth
 + Level 3.7 Shields
 + Level 3.7 Unarmed Combat
 + Level 6.3 Spellcasting
 + Level 3.0 Conjurations
 + Level 3.0 Hexes
 + Level 6.3 Charms
 + Level 3.0 Summonings
 + Level 3.0 Necromancy
 + Level 3.0 Translocations
 + Level 3.0 Transmutations
 + Level 3.0 Fire Magic
 + Level 3.0 Ice Magic
 + Level 3.0 Air Magic
 + Level 3.0 Earth Magic
 + Level 3.0 Poison Magic
 + Level 4.0 Invocations
 + Level 3.7 Evocations


You had 12 spell levels left.
You knew the following spells:

 Your Spells              Type           Power        Failure   Level  Hunger
a - Infusion              Chrm           ####         1%          1    None
b - Song of Slaying       Chrm           #####...     1%          2    None
c - Shroud of Golubria    Chrm/Tloc      #####.....   1%          2    None
d - Spectral Weapon       Hex/Chrm       #####...     3%          3    #......

Your spell library contained the following spells:

 Spells                   Type           Power        Failure   Level  Hunger
 Beastly Appendage        Tmut           ####..       1%          1    None
 Sticks to Snakes         Tmut           ####....     3%          2    None
 Regeneration             Chrm/Necr      #####.....   3%          3    #......
 Spider Form              Tmut/Pois      ####......   5%          3    #......
 Ice Form                 Ice/Tmut       ####....     17%         4    ###....
 Blade Hands              Tmut           ####......   38%         5    #####..


Dungeon Overview and Level Annotations

Branches:
Dungeon (7/15)
 Temple: D:4-7

Altars:
Elyvilon
Kikubaaqudgha
Wu Jian
Xom
Zin

Shops:
D:5 !


Innate Abilities, Weirdness & Mutations

Your experience applies equally to all skills.
You have very sharp teeth.
Your uncanny sense of smell can sniff out nearby items.


Message History

You are more poisoned.
The killer bee poisons you! The killer bee barely misses you.
It was a potion of brilliance.
You feel clever all of a sudden.
* * * LOW HITPOINT WARNING * * *
You feel sick.
Your spectral weapon fades away.
The killer bee barely misses you. You block the killer bee's attack.
Okay, then.
Okay, then.
You are too injured to fight recklessly!
You hit the killer bee.
You kill the killer bee!
You have reached level 9!
Your experience leads to an increase in your attributes!
Your base attributes are Str 15, Int 17, Dex 14.
Increase (S)trength, (I)ntelligence, or (D)exterity?
You feel clever.
Your song has ended.
You die...

.### ##.#.#...## #.......# #....
.# #..#.#....###..#########... ##
##......._......# ##...##... #
##....###....#.### #.....<... #
##.....# ##...#.# ##(#####...
####......# #.###.####(## ##..
..##......####.....##.)## #..
.##............#####.(## #.#
###............†@..[(## ### #
#.............†....## #
#.........<.........## #
##...................# ##
#...................##
.###........<...........##
#..#.....................#
##..#....................##
##..#.....................#######


There were no monsters in sight!

Vanquished Creatures
  Sigmund (D:5)
  An orc warrior (D:6)
  An ice beast (D:5)
  An ogre (D:6)
  3 centaurs (D:6)
  A bullfrog (D:6)
  3 killer bees (D:6)
  2 howler monkeys (D:6)
  3 crimson imps
  3 orc priests
  2 hounds
  A centaur skeleton (D:6)
  2 orc wizards
  2 iguanas
  A worker ant (D:4)
  A killer bee zombie (D:5)
  A hound skeleton (D:4)
  3 gnolls (D:4)
  11 adders
  A shadow imp (D:5)
  An ooze (D:2)
  3 worms (D:2)
  6 dart slugs
  4 leopard geckos
  15 orcs
  3 ball pythons
  A bat zombie (D:1)
  10 giant cockroaches
  5 hobgoblins
  4 quokkas
  11 bats
  3 frilled lizards
  5 goblins
  A jackal zombie (D:6)
  5 kobolds
  A leopard gecko zombie (D:5)
  A quokka zombie (D:1)
  5 rats
128 creatures vanquished.

Vanquished Creatures (others)
  3 spectral weapons
3 creatures vanquished.

Grand Total: 131 creatures vanquished

Notes
Turn   | Place    | Note
-------+----------+-------------------------------------------
     0 | D:1      | esteth the Gnoll Skald began the quest for the Orb.
     0 | D:1      | Reached XP level 1. HP: 20/20 MP: 6/6
   412 | D:1      | Reached XP level 2. HP: 26/26 MP: 7/7
   430 | D:1      | Learned a level 2 spell: Song of Slaying
   433 | D:1      | Learned a level 2 spell: Shroud of Golubria
   770 | D:1      | Reached XP level 3. HP: 31/31 MP: 9/9
   775 | D:1      | Learned a level 3 spell: Spectral Weapon
   853 | D:1      | Reached skill level 5 in Spellcasting
  1342 | D:2      | Reached skill level 1 in Invocations
  1700 | D:2      | Found a glowing silver altar of Zin.
  1700 | D:2      | Noticed an angel
  1701 | D:2      | Found a shimmering altar of Xom.
  1951 | D:2      | Reached skill level 1 in Short Blades
  1951 | D:2      | Reached skill level 1 in Long Blades
  1951 | D:2      | Reached skill level 1 in Axes
  1951 | D:2      | Reached skill level 1 in Maces & Flails
  1951 | D:2      | Reached skill level 1 in Staves
  1951 | D:2      | Reached skill level 1 in Slings
  1951 | D:2      | Reached skill level 1 in Bows
  1951 | D:2      | Reached skill level 1 in Crossbows
  1951 | D:2      | Reached skill level 1 in Throwing
  1951 | D:2      | Reached skill level 1 in Stealth
  1951 | D:2      | Reached skill level 1 in Shields
  1951 | D:2      | Reached skill level 1 in Unarmed Combat
  1951 | D:2      | Reached skill level 1 in Evocations
  1959 | D:2      | Reached XP level 4. HP: 19/38 MP: 2/11
  2846 | D:3      | Reached skill level 1 in Conjurations
  2846 | D:3      | Reached skill level 1 in Hexes
  2846 | D:3      | Reached skill level 1 in Summonings
  2846 | D:3      | Reached skill level 1 in Necromancy
  2846 | D:3      | Reached skill level 1 in Translocations
  2846 | D:3      | Reached skill level 1 in Transmutations
  2846 | D:3      | Reached skill level 1 in Fire Magic
  2846 | D:3      | Reached skill level 1 in Ice Magic
  2846 | D:3      | Reached skill level 1 in Air Magic
  2846 | D:3      | Reached skill level 1 in Earth Magic
  2846 | D:3      | Reached skill level 1 in Poison Magic
  2940 | D:3      | Reached XP level 5. HP: 43/43 MP: 12/12
  3730 | D:4      | HP: 2/43 [orc priest/divine providence (14)]
  4108 | D:4      | Reached XP level 6. HP: 50/50 MP: 13/13
  4298 | D:4      | Found an ornate altar of the Wu Jian Council.
  4438 | D:4      | Reached skill level 5 in Fighting
  4438 | D:4      | Reached skill level 5 in Polearms
  4438 | D:4      | Reached skill level 5 in Dodging
  4733 | D:5      | Entered Level 5 of the Dungeon
  4752 | D:5      | Reached XP level 7. HP: 50/56 MP: 11/15
  4868 | D:5      | Noticed Sigmund
  4900 | D:5      | Killed Sigmund
  5638 | D:5      | Found Gem Simes's Distillery.
  5878 | D:6      | Found an ancient bone altar of Kikubaaqudgha.
  5976 | D:6      | Reached XP level 8. HP: 44/63 MP: 16/16
  6262 | D:6      | HP: 3/63 [orc wizard/+0 dagger (2)]
  6267 | D:6      | HP: 1/63 [orc wizard/+0 dagger (2)]
  6566 | D:6      | Found a white marble altar of Elyvilon.
  7210 | D:6      | HP: 3/64 [killer bee (4)]
  7211 | D:6      | HP: 1/64 [poisoned by a killer bee]
  7212 | D:6      | Reached XP level 9. HP: 1/69 MP: 11/18
  7212 | D:6      | Succumbed to a killer bee's poison

Skill      XL: |  1  2  3  4  5  6  7  8 |
---------------+-------------------------+-----
Spellcasting   | 5 6 |  6.3
Invocations    | 1 2 3 4 |  4.0
Short Blades   | 1 2 3 |  3.7
Long Blades    | 1 2 3 |  3.7
Axes           | 1 2 3 |  3.7
Maces & Flails | 1 2 3 |  3.7
Staves         | 1 2 3 |  3.7
Slings         | 1 2 3 |  3.7
Bows           | 1 2 3 |  3.7
Crossbows      | 1 2 3 |  3.7
Throwing       | 1 2 3 |  3.7
Stealth        | 1 2 3 |  3.7
Shields        | 1 2 3 |  3.7
Unarmed Combat | 1 2 3 |  3.7
Evocations     | 1 2 3 |  3.7
Conjurations   | 1 2 3 |  3.0
Hexes          | 1 2 3 |  3.0
Summonings     | 1 2 3 |  3.0
Necromancy     | 1 2 3 |  3.0
Translocations | 1 2 3 |  3.0
Transmutations | 1 2 3 |  3.0
Fire Magic     | 1 2 3 |  3.0
Ice Magic      | 1 2 3 |  3.0
Air Magic      | 1 2 3 |  3.0
Earth Magic    | 1 2 3 |  3.0
Poison Magic   | 1 2 3 |  3.0
Armour         | 3 4 |  4.5
Fighting       | 5 |  5.9
Polearms       | 5 |  5.9
Dodging        | 5 |  5.9
Charms         | 6 |  6.3

Action                   |  1- 3 |  4- 6 |  7- 9 || total
-------------------------+-------+-------+-------++-------
Melee: Spear             |   171 |    36 |       ||   207
       Bite              |    19 |    16 |    16 ||    51
       Trident           |       |   199 |   167 ||   366
 Cast: Infusion          |     2 |       |       ||     2
       Shroud of Golubri |     2 |     6 |     8 ||    16
       Spectral Weapon   |     2 |     5 |     9 ||    16
       Song of Slaying   |       |     1 |     1 ||     2
  Use: Scroll            |     2 |     2 |    12 ||    16
       Potion            |       |       |     8 ||     8
 Stab: Sleeping          |     2 |     1 |     6 ||     9
       Distracted        |       |       |     2 ||     2
  Eat: Chunk             |     3 |    10 |     8 ||    21
Armor: Leather armour    |    28 |    14 |       ||    42
       Robe              |       |    12 |     9 ||    21
       Pearl dragon scal |       |       |    51 ||    51
Dodge: Dodged            |   116 |   135 |   106 ||   357
Block: Buckler           |    14 |    26 |    60 ||   100
